 Dungeon Crawl Stone Soup version 0.22-a0-533-g4d20840 (webtiles) character file.

46 inc the Scratcher (level 3, -2/17 HPs)
             Began as a Felid Chaos Knight on June 22, 2018.
             Slain by a kobold
             ... wielding a +0 short sword
              (3 damage)
             ... on level 2 of the Dungeon.
             The game lasted 00:01:56 (1642 turns).

inc the Scratcher (Felid Chaos Knight)              Turns: 1642, Time: 00:01:56

Health: -2/17      AC:  1    Str:  8    XL:     3   Next: 44%
Magic:  4/4        EV: 18    Int: 14    God:    Xom [.*....]
Gold:   18         SH:  0    Dex: 15    Spells: 2/2 levels left
                                        Lives:  0   Deaths: 0

rFire    . . .     SeeInvis +     - Unarmed
rCold    . . .     Gourm    .   (shield unavailable)
rNeg     . . .     Faith    .   (armour unavailable)
rPois    +         Spirit   .   (helmet unavailable)
rElec    .         Reflect  .   (cloak unavailable)
rCorr    .         Harm     .   (gloves unavailable)
MR       .....                  (boots unavailable)
Stlth    ++........             (no amulet)
HPRegen  0.05/turn              (no ring)
MPRegen  0.09/turn              (no ring)

@: quick
A: very small, no armour, no weapons or thrown items, stealth, claws 1, fangs 3,
see invisible, carnivore, speed 1, poison resistance, shaggy fur 1, slow
metabolism 1, sharp paws
a: Renounce Religion


You were on level 2 of the Dungeon.
You worshipped Xom.
You were a plaything of Xom.
You were full.

You visited 1 branch of the dungeon, and saw 2 of its levels.

You collected 18 gold pieces.

Inventory:

Jewellery
 f - an uncursed ring of teleportation
Scrolls
 b - a scroll of random uselessness {unknown}
 d - a scroll of teleportation
 e - a scroll of amnesia
 g - a scroll of identify {unknown}
 i - a scroll of immolation {unknown}
 j - a scroll of enchant armour {unknown}
Potions
 c - a potion of heal wounds {unknown}
 h - a potion of might {unknown}
Comestibles
 a - 3 rations


   Skills:
 - Level 3.0 Fighting
 - Level 3.2 Dodging
 + Level 4.5 Unarmed Combat


You had 2 spell levels left.
You didn't know any spells.
Your spell library was empty.

Dungeon Overview and Level Annotations

Branches:
Dungeon (2/15)

Altars:
Gozag


Innate Abilities, Weirdness & Mutations

You cannot wear armour.
You are incapable of wielding weapons or throwing items.
Your paws allow you to move quietly. (Stealth)
You have sharp claws.
You have razor-sharp teeth.
You have supernaturally acute eyesight. (SInv)
You are carnivorous and can eat meat at any time.
You cover ground quickly.
You are covered in fur. (AC +1)
You have a slow metabolism.
Your sharp claws are effective at attacking unaware monsters.
Your system is resistant to poisons. (rPois)


Message History

A leopard gecko comes into view.
The leopard gecko hisses angrily.
Things that are here:
a club; a hobgoblin corpse A leopard gecko is nearby!
Found a purple potion.
A kobold comes into view. It is wielding a short sword.
The kobold shouts!
The kobold throws a stone.
The stone barely misses you.
You scratch the leopard gecko.
You kill the leopard gecko!
The kobold throws a stone.
The stone hits you.
You start resting.
The kobold is too close now for your liking.
A kobold is nearby!
The kobold hits you with a short sword.
* * * LOW HITPOINT WARNING * * *
You see here a stone.
You closely miss the kobold. The kobold hits you with a short sword.
You die...

##.# ##.# #. ..#
##.#### #. ..# ......#
..#..# >.....# #....#
##.#### #.#..#### #.#
###....... #.#
######....K.# #.#
#..#...##@.#.#
##(#####.........>.#
.........#...).##(....!
.......###....## #.####
##.###...$...## ##
#.........###
###########


You could see a kobold.

Vanquished Creatures
  An ooze (D:1)
  3 leopard geckos
  A giant cockroach (D:1)
  4 goblins
  5 hobgoblins
  7 jackals (D:2)
  4 kobolds
  2 bats
  3 frilled lizards
  4 rats (D:1)
34 creatures vanquished.

Notes
Turn   | Place    | Note
-------+----------+-------------------------------------------
     0 | D:1      | inc the Felid Chaos Knight began the quest for the Orb.
     0 | D:1      | Reached XP level 1. HP: 10/10 MP: 2/2
   211 | D:1      | Reached XP level 2. HP: 4/14 MP: 3/3
   814 | D:1      | XOM: noise
   893 | D:1      | Reached skill level 4 in Unarmed Combat
  1055 | D:2      | XOM: noise
  1057 | D:2      | XOM: butterfly on damage
  1081 | D:2      | Reached XP level 3. HP: 3/17 MP: 4/4
  1154 | D:1      | XOM: give mutation
  1154 | D:1      | Gained mutation: Your system is resistant to poisons. (rPois) [Xom's mischief]
  1422 | D:2      | Found an opulent altar of Gozag.
  1615 | D:2      | XOM: god gift: 12 stones
  1642 | D:2      | Slain by a kobold

Vault maps used:
D:1:      erik_arrival_cave_to_civilisation, minmay_pentomino_s2
D:2:      marbit_many_paths, lemuel_round_altar, grunt_gozag_breadcrumbs,
          nicolae_overflow_crystal_walls

Skill      XL: |  1  2 |
---------------+-------+-----
Unarmed Combat | 4 |  4.5
Fighting       | |  3.0
Dodging        | |  3.2

Action                   || total
-------------------------++-------
Melee: Unarmed           ||   103
       Bite              ||     8
  Use: Scroll            ||     5
 Stab: Sleeping          ||     2
  Eat: Chunk             ||     6
Armor: Skin              ||     4
Dodge: Dodged            ||    88

Table legend:
 A = Spawn XP
 B = Non-spawn XP
 C = Spawn XP percentage of total XP
 D = Spawn monster count
 E = Non-spawn monster count
 F = Spawn count percentage of total count
 G = Total turns spent on level
                    A         B        C        D         E        F      G
               +---------+---------+-------+---------+---------+-------+---------
         Total |       0 |      66 |   0.0 |       0 |      34 |   0.0 |  1642
               +---------+---------+-------+---------+---------+-------+---------
           D:1 |       0 |      35 |   0.0 |       0 |      18 |   0.0 |  1308
           D:2 |       0 |      31 |   0.0 |       0 |      16 |   0.0 |   334
               +---------+---------+-------+---------+---------+-------+---------
